 Dungeon Crawl Stone Soup version 0.30-a0-1075-gcd70e7a56d (webtiles) character file.

Game seed: 4565508763435707524

49 bearlyready the Chopper (level 3, -1/32 HPs)
             Began as an Armataur Berserker on Apr 14, 2023.
             Was a Follower of Trog.
             Slain by a cerulean imp
             ... wielding a +2 spear
             ... summoned by Natasha
              (6 damage)
             ... on level 2 of the Dungeon.
             The game lasted 00:01:11 (1230 turns).

bearlyready the Chopper (Armataur Berserker)        Turns: 1230, Time: 00:01:12

Health: -1/32      AC:  7    Str: 24    XL:     3   Next: 51%
Magic:  3/3        EV:  9    Int:  7    God:    Trog [*.....]
Gold:   41         SH:  5    Dex:  9    Spells: 2/2 levels left

rFire   . . .      SeeInvis .    a - +0 hand axe
rCold   . . .      Faith    .    (no shield)
rNeg    . . .      Spirit   .    f - +0 ring mail
rPois   .          Reflect  +    (no helmet)
rElec   .          Roll     +    o - +0 cloak
rCorr   .                        (no gloves)
Will    .....                    (no barding) Stlth
                                 j - amulet of reflection
HPRegen 0.25/turn                (no ring)
MPRegen 0.08/turn                (no ring)

@: no status effects
A: large, rugged brown scales 3, deformed body, armoured tail, roll, long
tongue, awkward tongue
a: Renounce Religion, Berserk


You were on level 2 of the Dungeon.
You worshipped Trog.
Trog was aware of your devotion.
You visited 1 branch of the dungeon, and saw 2 of its levels.

You collected 41 gold pieces.

Inventory:

Hand Weapons
 a - a +0 hand axe (weapon)
Missiles
 i - 2 poisoned darts (quivered)
Armour
 b - a +0 animal skin
 f - a +0 ring mail (worn)
 k - a +0 scale mail
 o - a +0 cloak (worn)
Jewellery
 j - an amulet of reflection (around neck)
Scrolls
 c - a scroll of teleportation {unknown}
 d - a scroll of immolation {unknown}
 e - 2 scrolls of torment {unknown}
 h - a scroll of identify {unknown}
 m - a scroll of fog {unknown}
 n - a scroll of poison {unknown}
Potions
 g - a potion of lignification {unknown}
 l - 2 potions of heal wounds {unknown}


   Skills:
 - Level 2.6 Fighting
 + Level 3.8 Axes
 - Level 2.4 Armour
 - Level 1.3 Dodging


You had 2 spell levels left.
You didn't know any spells.
Your spell library was empty.

Dungeon Overview and Level Annotations

Branches:
Dungeon (2/15)

Altars:

Annotations:
D:2 Natasha


Innate Abilities, Weirdness & Mutations

You are completely covered in rugged brown scales. (AC +3, +7% HP)
Armour fits poorly on your strangely shaped body.
You have a long armoured tail.
You roll when moving toward enemies. (Rampage)
Your long tongue fully drains potion bottles. (2x potion effects)
Your tongue gives you trouble enunciating. (1.5x scroll delay)


Message History

Natasha stares at you and mumbles some strange words.
The magic dart hits you!
You closely miss Natasha. Natasha barely misses you.
You barely miss Natasha.
Your tail-slap misses Natasha.
Natasha closely misses you.
You fail to use your ability.
Natasha stares at you and mumbles some strange words.
The magic dart hits you but does no damage.
You closely miss Natasha.
Natasha casts a spell.
You block Natasha's attack.
You hit Natasha.
Natasha is moderately wounded.
You miss the cerulean imp. Natasha claws you but does no damage.
The cerulean imp hits you with a +2 spear.
You closely miss Natasha.
Natasha is moderately wounded.
You hit the cerulean imp.
Natasha mumbles some strange words.
The cerulean imp closely misses you.
You hit Natasha.
Natasha is moderately wounded.
You hit the cerulean imp. Natasha claws you.
The cerulean imp hits you with a +2 spear.
* * * LOW HITPOINT WARNING * * *
You hit Natasha.
Your tail-slap misses Natasha.
Natasha is severely wounded.
You hit the cerulean imp.
Natasha casts a spell.
The cerulean imp hits you from afar with a +2 spear.
* * * LOW HITPOINT WARNING * * *
The cerulean imp hits you but does no damage.
The cerulean imp attacks as you move away!
The cerulean imp hits you but does no damage.
Natasha attacks as you move away! Natasha claws you but does no damage.
The cerulean imp hits you but does no damage.
You closely miss Natasha.
Natasha is severely wounded.
The cerulean imp hits you from afar with a +2 spear.
You die...

#.............##.#.##......
#.............##.#.########
...........<....##.#.# #
###.....####....##.#.# #####
#..####PP#....##.#.# #....
..###..PP.#....##.#.####.###
## P~~~~~.#.................
~PPP..5h....##.#.####.###
.###...#@...##.#.# #.###
##P.#....##.#.# #....
##5#....##.#.# #....
###.#####.#.# #.### ###
#.#.# #.#.. ..#.# #....
###.####.### #.........
#.####.###


You could see Natasha and a cerulean imp (summoned).

Vanquished Creatures
  2 adders (D:2)
  A dart slug (D:1)
  2 ball pythons
  4 bats
  3 endoplasms (D:1)
  A giant cockroach (D:1)
  3 goblins
  A hobgoblin (D:2)
  A quokka (D:2)
  3 frilled lizards
  3 kobolds
  3 rats (D:1)
27 creatures vanquished.

Notes
Turn   | Place    | Note
-------+----------+-------------------------------------------
     0 | D:1      | bearlyready the Armataur Berserker began the quest for the
                  | Orb.
     0 | D:1      | Reached XP level 1. HP: 19/19 MP: 1/1
   250 | D:1      | Reached skill level 3 in Axes
   250 | D:1      | Reached XP level 2. HP: 24/26 MP: 2/2
   849 | D:2      | Reached XP level 3. HP: 32/32 MP: 3/3
  1219 | D:2      | Noticed Natasha
  1230 | D:2      | Slain by a cerulean imp

Illustrated notes

Levels and vault maps discovered:
D:1:      psy_arrival_basics, layout_loops_ring, minmay_misc_feat_x,
          minmay_splitting_lines
D:2:      layout_basic, basic_altar, shapermc_ecumenical_altar_hornbeckon,
          due_unseen_surprise, uniq_natasha

Skill      XL: |  1 |
---------------+----+-----
Axes           | 3 |  3.8
Fighting       | |  2.6
Armour         | |  2.4
Dodging        | |  1.3

Action                     || total
---------------------------++-------
  Melee: Hand axe          ||    85
         Tailslap          ||     9
 Armour: Animal skin       ||     8
         Ring mail         ||    34
  Dodge: Dodged            ||    33
  Block: Other             ||     5

Table legend: (Time is in decaauts)
 A = Elapsed time spent in this place.
 B = Non-inter-level travel time spent in this place.
 C = Inter-level travel time spent in this place.
 D = Time resting spent in this place.
 E = Time spent auto-exploring this place.
 F = Levels seen in this place.
 G = Mean time per level.
                   A        B        C        D        E       F      G
               +--------+--------+--------+--------+--------+-----+--------+
         Total |   1241 |   1180 |     61 |      0 |    962 |   2 |  620.5 |
       Dungeon |   1241 |   1180 |     61 |      0 |    962 |   2 |  620.5 |
               +--------+--------+--------+--------+--------+-----+--------+

Top non-repeatable levels by time:
     D:1: 816 daAuts
     D:2: 425 daAuts
